AoeStats
← SabahIctimasi

Arena

509912292Analyzed
4v4 RM · 4d ago on Sep 28, 2026· 29m 33s· 8 players
Game mode
Random Map
Map size
Large (8 player)
Population
200
Speed
Normal
Resources
Standard
Victory
Conquest
Starting age
Dark Age
Ending age
Imperial Age
RankedLock teamsTeams togetherTeam positionsShared explorationLock speedFull tech treeHidden civsTurbo modeCheats
Victory
Defeat
🇹🇷 Danes · Türkiye
1406
+12
🇨🇳 Cumans · China
1331
+15
🇹🇷 Varangians · Türkiye
1277
+18
🇨🇳 Turks · China
1260
+19
🇩🇪 Saxons · Germany
1339
-17
🇹🇷 Magyars · Türkiye
1331
-17
🇹🇷 Goths · Türkiye
1302
-15
🇳🇿 Mongols · New Zealand
1295
-24
SabahIctimasi
10:51 Feudal Age
12:04 Double-Bit Axe
14:35 Castle Age
12:29 Horse Collar
15:41 Bow Saw
17:29 Loom
25:16 Heavy Plow
Nghtly
10:31 Feudal Age
15:22 Castle Age
14:53 Double-Bit Axe
14:49 Horse Collar
22:09 Wheelbarrow
29:54 Imperial Age
27:54 Fletching
28:05 Padded Archer Armor
28:28 Ballistics
28:00 Loom
28:33 Hand Cart
28:04 Town Watch
29:50 Careening
Szorinx
10:04 Feudal Age
14:57 Castle Age
14:10 Horse Collar
17:38 Double-Bit Axe
19:25 Loom
20:17 Scale Mail Armor
21:26 Forging
21:56 Chain Mail Armor
23:55 Iron Casting
24:07 Arson
24:22 Squires
24:59 Wheelbarrow
26:07 Bow Saw
26:17 Hand Cart
30:14 Scale Barding Armor
KraiZePDS
11:13 Feudal Age
12:27 Loom
15:23 Castle Age
13:17 Horse Collar
13:23 Double-Bit Axe
19:20 Wheelbarrow
20:11 Stone Mining
23:33 Hand Cart
23:23 Gold Mining
25:12 Bow Saw
25:30 Heavy Plow
30:20 Imperial Age
27:59 Fletching
28:50 Bodkin Arrow
Gen ALPHA RIZZLER 67
10:49 Feudal Age
10:21 Loom
15:22 Castle Age
13:27 Double-Bit Axe
14:08 Horse Collar
19:38 Bow Saw
21:45 Heavy Plow
22:18 Gold Mining
24:22 Wheelbarrow
23:32 Town Watch
25:16 Scale Mail Armor
25:42 Stone Mining
29:05 Imperial Age
27:50 Hand Cart
28:01 Caravan
29:30 Squires
29:47 Chain Mail Armor
30:15 Stone Shaft Mining
华
8:43 Feudal Age
9:15 Double-Bit Axe
19:52 Castle Age
19:10 Gold Mining
20:07 Wheelbarrow
19:42 Scale Barding Armor
19:48 Forging
19:50 Horse Collar
20:54 Bow Saw
21:37 Bloodlines
21:21 Capped Ram
24:42 Chain Barding Armor
24:59 Town Watch
24:59 Loom
25:30 Hand Cart
29:25 Iron Casting
30:00 Town Patrol
刀他(她)
11:01 Feudal Age
14:51 Castle Age
12:55 Horse Collar
13:02 Double-Bit Axe
13:47 Gold Mining
17:44 Gold Shaft Mining
20:21 Wheelbarrow
23:46 Imperial Age
22:00 Bow Saw
22:33 Heavy Plow
25:39 Padded Archer Armor
boomer grandpa
11:18 Feudal Age
9:38 Loom
15:06 Castle Age
13:21 Double-Bit Axe
13:18 Horse Collar
20:27 Scale Mail Armor
22:46 Squires
22:32 Arson
25:15 Stone Mining
26:01 Forging
Connection lost

Rejoining the realm…

Still unreachable

The connection could not be restored.

Session expired

The server has moved on; the page needs a fresh start.